 Dungeon Crawl Stone Soup version 0.20.0-10-g0535bb4 (webtiles) character file.

2359 Kosschaser the Caller (level 9, -4/61 HPs)
             Began as a Merfolk Summoner on June 7, 2017.
             Was an Initiate of Makhleb.
             Slain by a wolf (5 damage)
             ... led by Grum
             ... on level 8 of the Dungeon.
             The game lasted 00:36:30 (7093 turns).

Kosschaser the Caller (Merfolk Summoner)            Turns: 7093, Time: 00:36:30

Health: -4/61      AC:  3    Str:  2 (7)  XL:     9   Next: 44%
Magic:  23/28      EV: 14    Int: 15      God:    Makhleb [......]
Gold:   512        SH:  0    Dex: 11 (14) Spells: 6/21 levels left

rFire    . . .     SeeInvis .   D - +2 short sword (holy)
rCold    . . .     Gourm    .   (no shield)
rNeg     . . .     Faith    .   a - +0 robe
rPois    .         Spirit   .   (no helmet)
rElec    .         Reflect  .   (no cloak)
rCorr    .         Harm     .   i - +0 pair of gloves
MR       +....     Clarity  +   (no boots)
Stlth    +++.......             B - amulet of regeneration
Regen    0.6/turn               l - ring of magical power
MPRegen  0.3/turn               q - ring of protection from magic

@: about to teleport
A: change form in water, swift swim, stealthy swim, clarity, clumsy 1,
deterioration 2, weak 1, wild magic 1
a: Renounce Religion


You were on level 8 of the Dungeon.
You worshipped Makhleb.
Makhleb was noncommittal.
You were not hungry.

You visited 2 branches of the dungeon, and saw 9 of its levels.

You collected 512 gold pieces.

Inventory:

Hand Weapons
 f - a +0 short sword
 D - a +2 short sword of holy wrath (weapon)
Armour
 a - a +0 robe (worn)
 i - a +0 pair of gloves (worn)
 M - a +0 pair of boots
Jewellery
 l - a ring of magical power (left hand)
 q - a ring of protection from magic (right hand)
 t - an uncursed ring of ice
 y - an uncursed amulet of guardian spirit
 z - an uncursed ring of protection from fire
 B - an amulet of regeneration (around neck)
Wands
 I - a wand of polymorph (8/24)
Scrolls
 d - 3 scrolls of enchant armour {unknown}
 g - 3 scrolls of teleportation
 j - 2 scrolls of amnesia {unknown}
 o - 5 scrolls of identify
 r - 4 scrolls of remove curse
 u - a scroll of blinking {unknown}
 F - a scroll of fog {unknown}
 G - 3 scrolls of recharging {unknown}
 H - a scroll of magic mapping {unknown}
 K - a scroll of fear {unknown}
Potions
 e - 3 potions of curing
 h - a potion of ambrosia {unknown}
 k - a potion of cancellation {unknown}
 m - 2 potions of degeneration {unknown}
 n - 2 potions of haste {unknown}
 v - 2 potions of mutation {unknown}
 w - 3 potions of flight {unknown}
 x - 2 potions of berserk rage {unknown}
 C - a potion of lignification {unknown}
 J - a potion of heal wounds {unknown}
 N - a potion of might {unknown}
Books
 b - a book of Callings

   Spells                             Type                      Level
   a - Summon Small Mammal            Summoning                    1
   b - Call Imp                       Summoning                    2
   c - Call Canine Familiar           Summoning                    3
   d - Summon Guardian Golem          Hexes/Summoning              3
   e - Summon Lightning Spire         Summoning/Air                4
   f - Summon Ice Beast               Ice/Summoning                4
 E - a book of Frost

   Spells                             Type                      Level
   a - Freeze                         Ice                          1
   b - Throw Frost                    Conjuration/Ice              2
   c - Ozocubu's Armour               Charms/Ice                   3
   d - Throw Icicle                   Conjuration/Ice              4
   e - Summon Ice Beast               Ice/Summoning                4
 L - a book of Party Tricks

   Spells                             Type                      Level
   a - Summon Butterflies             Summoning                    1
   b - Apportation                    Translocation                1
   c - Lesser Beckoning               Translocation                3
   d - Tukima's Dance                 Hexes                        3
   e - Alistair's Intoxication        Transmutation/Poison         5
   f - Invisibility                   Hexes                        6
 O - a book of Conjurations

   Spells                             Type                      Level
   a - Magic Dart                     Conjuration                  1
   b - Searing Ray                    Conjuration                  2
   c - Dazzling Spray                 Conjuration/Hexes            3
   d - Fulminant Prism                Conjuration/Hexes            4
   e - Force Lance                    Conjuration/Translocation    4
   f - Iskenderun's Mystic Blast      Conjuration                  4
Comestibles
 c - 5 bread rations
 p - 5 royal jellies
 s - 3 fruits
 A - 2 meat rations
 P - 6 chunks of flesh


   Skills:
 + Level 2.1 Fighting
 + Level 4.7 Short Blades
 + Level 5.2 Dodging
 + Level 5.1 Stealth
 + Level 6.9 Spellcasting
 + Level 1.0 Conjurations
 + Level 0.4 Hexes
 + Level 7.7 Summonings
 + Level 1.8 Ice Magic


You had 6 spell levels left.
You knew the following spells:

 Your Spells              Type           Power        Failure   Level  Hunger
a - Summon Small Mammal   Summ           ####         1%          1    None
b - Call Imp              Summ           #####...     1%          2    None
c - Call Canine Familiar  Summ           #####...     3%          3    ##.....
d - Summon Guardian Gole  Hex/Summ       ###.....     12%         3    ##.....
e - Summon Ice Beast      Ice/Summ       ####....     26%         4    ####...
f - Throw Frost           Conj/Ice       ##....       17%         2    None


Dungeon Overview and Level Annotations

Branches:
Dungeon (8/15)             Temple (1/1) D:7            Lair (0/6) D:8

Altars:
Ashenzari
Cheibriados
Dithmenos
Elyvilon
Fedhas
Gozag
Makhleb
Nemelex Xobeh
Okawaru
Qazlal
Ru
Sif Muna
Uskayaw
Vehumet
Xom
Yredelemnul
Zin
The Shining One

Annotations:
D:8 Grum


Innate Abilities, Weirdness & Mutations

You revert to your normal form in water.
You are very nimble and swift while swimming.
You are very stealthy in the water. (Stealth+)
You possess an exceptional clarity of mind.
You are clumsy. (Dex -2)
Your body often deteriorates upon taking damage.
You are weak. (Str -2)
Your spells are a little harder to cast, but a little more powerful.


Message History

* * * LOW HITPOINT WARNING * * *
Your hound bites the wolf but does no damage.
The hell hound bites your hound!
Your hound dies!
Your hound's corpse disappears in a puff of smoke!
The wolf barely misses you.
Your ice beast barely misses the hell hound.
You feel better. The wolf bites you.
* * * LOW HITPOINT WARNING * * *
The wolf barely misses you.
Okay, then.
As you read the scroll of teleportation, it crumbles to dust.
You feel strangely unstable.
Your ice beast closely misses the adder.
The wolf bites you.
* * * LOW HITPOINT WARNING * * *
The hell hound bites you!
* * * LOW HITPOINT WARNING * * *
Your ice beast hits Grum.
Your ice beast freezes Grum!
The wolf bites you.
You die...

####### ## #.....# #.
#.....###############.
#.........))).........
#....†###############.
#.....# #. #.....# ..
#...h@# #.#. #....h#
#... ####S## #....
.... #.##.## .....
.##. #...g.###.....
###.Y5....5...
##.).##......
#.....(......
#...!........


You could see Grum, a hell hound, a wolf, an adder and a friendly ice beast.

Vanquished Creatures
  Grinder (D:6)
  A sky beast (D:5)
  2 phantoms
  An ogre (D:5)
  A centaur (D:6)
  A bullfrog (D:7)
  A scorpion (D:6)
  2 crimson imps (D:6)
  A jelly (D:6)
  A hound (D:4)
  An orc priest (D:6)
  A worker ant zombie (D:5)
  A gnoll (D:4)
  A howler monkey skeleton (D:8)
  3 adders
  A shadow imp (D:6)
  An ooze (D:6)
  An adder zombie (D:5)
  An adder skeleton (D:7)
  2 worms (D:5)
  3 dart slugs
  3 leopard geckos
  7 orcs
  3 bats
  4 giant cockroaches
  4 goblins (D:3)
  2 hobgoblins
  4 jackals
  2 quokkas
  3 frilled lizards
  9 kobolds
  3 rats
  A fungus (D:5)
73 creatures vanquished.

Vanquished Creatures (collateral kills)
  The ghost of IcyNumb the Poker, a novice OpFi of Hepliaklqana (D:6)
  Eustachio (D:6)
  Menkaure (D:5)
  Duvessa (D:5)
  2 sky beasts
  2 ice beasts
  A black bear (D:6)
  5 ogres
  A wolf (D:7)
  2 centaurs (D:6)
  2 bullfrogs (D:6)
  3 big kobolds
  Dowan (D:5)
  A scorpion (D:8)
  A howler monkey (D:6)
  A crimson imp (D:5)
  A hound (D:5)
  An orc priest (D:8)
  A bullfrog zombie (D:6)
  A bullfrog skeleton (D:8)
  A centaur skeleton (D:6)
  An orc wizard (D:8)
  An iguana (D:4)
  4 worker ants
  A hound skeleton (D:4)
  4 adders
  2 gnolls (D:4)
  An ooze (D:7)
  A worm (D:2)
  2 leopard geckos
  8 orcs
  2 bats
  2 giant cockroaches
  2 goblins
  2 hobgoblins (D:3)
  12 jackals
  15 kobolds
  3 quokkas
  A ball python (D:2)
  4 frilled lizards
99 creatures vanquished.

Vanquished Creatures (others)
  A hound (D:7)
1 creature vanquished.

Grand Total: 173 creatures vanquished

Notes
Turn   | Place    | Note
-------+----------+-------------------------------------------
     0 | D:1      | Kosschaser the Merfolk Summoner began the quest for the Orb.
     0 | D:1      | Reached XP level 1. HP: 13/13 MP: 3/3
   700 | D:1      | Reached XP level 2. HP: 19/19 MP: 5/5
   705 | D:1      | Learned a level 2 spell: Call Imp
  1152 | D:2      | Reached XP level 3. HP: 10/24 MP: 6/6
  1373 | D:2      | Reached skill level 1 in Short Blades
  1445 | D:2      | Found a faded altar of an unknown god.
  2346 | D:3      | Learned a level 3 spell: Call Canine Familiar
  2380 | D:3      | Found a snail-covered altar of Cheibriados.
  2385 | D:3      | Found a stormy altar of Qazlal.
  2385 | D:3      | Found an iron altar of Okawaru.
  2385 | D:3      | Found a sacrificial altar of Ru.
  2395 | D:3      | Found a deep blue altar of Sif Muna.
  2400 | D:3      | Found a sparkling altar of Nemelex Xobeh.
  2532 | D:3      | Reached XP level 4. HP: 30/31 MP: 7/7
  3048 | D:4      | Noticed an ogre
  3049 | D:4      | Reached XP level 5. HP: 19/36 MP: 9/9
  3068 | D:4      | Noticed an ogre
  3068 | D:4      | Killed an ogre
  3130 | D:4      | Killed an ogre
  3402 | D:4      | Noticed an ogre
  3413 | D:4      | Killed an ogre
  3413 | D:4      | Reached skill level 5 in Summonings
  3413 | D:4      | Reached XP level 6. HP: 42/42 MP: 11/11
  3782 | D:5      | Entered Level 5 of the Dungeon
  3792 | D:5      | Noticed Menkaure
  3808 | D:5      | Noticed an ice beast
  3822 | D:5      | Noticed a phantom
  3902 | D:5      | Killed a phantom
  4031 | D:5      | Noticed Duvessa
  4041 | D:5      | Noticed Dowan
  4087 | D:5      | Killed Duvessa
  4087 | D:5      | Reached XP level 7. HP: 40/47 MP: 1/13
  4099 | D:5      | Killed Dowan
  4504 | D:5      | Learned a level 3 spell: Summon Guardian Golem
  4509 | D:5      | Learned a level 4 spell: Summon Ice Beast
  4509 | D:5      | Gained mutation: You possess an exceptional clarity of mind. [mutagenic meat]
  4510 | D:5      | Gained mutation: Your body sometimes deteriorates upon taking damage. [mutagenic meat]
  4511 | D:5      | Gained mutation: Your spells are a little harder to cast, but a little more powerful. [mutagenic meat]
  4512 | D:5      | Gained mutation: Your body often deteriorates upon taking damage. [mutagenic meat]
  4513 | D:5      | Gained mutation: You are weak. (Str -2) [mutagenic meat]
  4522 | D:5      | Reached skill level 6 in Summonings
  4551 | D:5      | Killed Menkaure
  4679 | D:5      | Reached skill level 1 in Fighting
  4679 | D:5      | Reached skill level 5 in Spellcasting
  4679 | D:5      | Reached XP level 8. HP: 41/54 MP: 15/15
  4683 | D:5      | Gained mutation: You are clumsy. (Dex -2) [mutagenic meat]
  4941 | D:6      | Found a glowing silver altar of Zin.
  4989 | D:6      | Learned a level 2 spell: Throw Frost
  5311 | D:6      | Noticed IcyNumb's ghost (novice OpFi)
  5331 | D:6      | Killed IcyNumb's ghost
  5355 | D:6      | Reached skill level 1 in Ice Magic
  5459 | D:6      | Found a shadowy altar of Dithmenos.
  5521 | D:6      | Reached skill level 5 in Dodging
  5591 | D:6      | Noticed Eustachio
  5614 | D:6      | Killed Eustachio
  5651 | D:6      | Reached skill level 7 in Summonings
  5704 | D:6      | Noticed Grinder
  5752 | D:6      | Reached skill level 1 in Conjurations
  5752 | D:6      | Reached XP level 9. HP: 61/61 MP: 4/18
  5829 | D:6      | Killed Grinder
  6269 | D:7      | Found a blossoming altar of Fedhas.
  6405 | D:7      | Found an opulent altar of Gozag.
  6405 | D:7      | Found a glowing golden altar of the Shining One.
  6530 | D:7      | Found a staircase to the Ecumenical Temple.
  6539 | Temple   | Entered the Ecumenical Temple
  6557 | Temple   | Became a worshipper of Makhleb the Destroyer
  6720 | D:8      | Noticed Grum
  6827 | D:8      | Found a staircase to the Lair.
  7006 | D:8      | Reached skill level 5 in Stealth
  7092 | D:8      | HP: 1/61 [hell hound (8)]
  7093 | D:8      | Slain by a wolf

Skill      XL: |  1  2  3  4  5  6  7  8  9 |
---------------+----------------------------+-----
Dodging        | 3 4 5 |  5.2
Short Blades   | 1 2 3 4 |  4.7
Spellcasting   | 3 4 5 6 |  6.9
Summonings     | 5 6 7 |  7.7
Stealth        | 3 4 5 |  5.1
Fighting       | 1 2 |  2.1
Ice Magic      | 1 |  1.8
Conjurations   | 1 |  1.0
Hexes          | |  0.4

Action                   |  1- 3 |  4- 6 |  7- 9 || total
-------------------------+-------+-------+-------++-------
Melee: Short sword       |    98 |   102 |   168 ||   368
       Unarmed           |     5 |       |       ||     5
 Cast: Summon Small Mamm |    10 |     4 |     3 ||    17
       Call Imp          |    15 |    28 |    36 ||    79
       Call Canine Famil |     1 |    14 |    27 ||    42
       Summon Guardian G |       |       |     4 ||     4
       Throw Frost       |       |       |    10 ||    10
       Summon Ice Beast  |       |       |    10 ||    10
  Use: Scroll            |     3 |     1 |     3 ||     7
       Potion            |       |       |     2 ||     2
 Stab: Sleeping          |    10 |     3 |     7 ||    20
       Distracted        |       |     2 |     7 ||     9
  Eat: Chunk             |     6 |     6 |    19 ||    31
       Meat ration       |       |     1 |       ||     1
Armor: Robe              |    41 |    14 |    23 ||    78
Dodge: Dodged            |    94 |    81 |   126 ||   301
